 Dungeon Crawl Stone Soup version 0.29.0-5-ge4962eb29e (webtiles) character file.

Game seed: 17741040525264672230

10484 snetch the Severer (level 11, -7/99 HPs)
             Began as a Minotaur Berserker on Aug 30, 2022.
             Was a High Priest of Trog.
             Mangled by a komodo dragon (16 damage)
             ... on level 10 of the Dungeon.
             The game lasted 00:34:18 (11794 turns).

snetch the Severer (Minotaur Berserker)            Turns: 11794, Time: 00:34:18

Health: -7/99      AC: 16    Str: 26    XL:     11   Next: 36%
Magic:  10/10      EV:  9    Int:  4    God:    Trog [*****.]
Gold:   462        SH:  0    Dex: 16    Spells: 10/10 levels left

rFire   . . .      SeeInvis .   a - +4 battleaxe (freeze)
rCold   . . .      Faith    .   (shield currently unavailable)
rNeg    . . .      Spirit   .   m - +0 plate armour
rPois   .          Reflect  .   (helmet restricted)
rElec   .          Harm     .   y - +0 cloak
rCorr   .          Rampage  .   (no gloves)
Will    .....                   (no boots)
Stlth   ..........              (no amulet)
HPRegen 0.26/turn               x - +6 ring of dexterity
MPRegen 0.12/turn               (no ring)

@: studying Dodging
A: horns 2, retaliatory headbutt
a: Renounce Religion, Berserk, Trog's Hand, Brothers in Arms


You were on level 10 of the Dungeon.
You worshipped Trog.
Trog was extremely pleased with you.
You visited 2 branches of the dungeon, and saw 12 of its levels.
You also visited: Sewer, Ossuary and Bailey.

You collected 787 gold pieces.
You spent 325 gold pieces at shops.

Inventory:

Hand Weapons
 a - a +4 battleaxe of freezing (weapon)
 b - a +1 flail
 c - a +0 halberd
 d - a +2 spear of venom
Missiles
 e - 34 poisoned darts (quivered)
 j - 76 stones
 v - 3 boomerangs
 z - 5 javelins
 U - a curare-tipped dart
Armour
 m - a +0 plate armour (worn)
 y - a +0 cloak (worn)
Jewellery
 x - a +6 ring of dexterity (left hand)
 R - an amulet of reflection
Wands
 A - a wand of light (3)
 H - a wand of flame (16)
 I - a wand of paralysis (10)
 N - a wand of roots (17)
 O - a wand of polymorph (6)
Scrolls
 i - 9 scrolls of identify {unknown}
 o - a scroll of summoning {unknown}
 p - 2 scrolls of blinking {unknown}
 q - a scroll of brand weapon {unknown}
 r - 6 scrolls of teleportation {unknown}
 s - a scroll of torment {unknown}
 u - 2 scrolls of poison {unknown}
 D - 2 scrolls of enchant weapon {unknown}
 E - 3 scrolls of butterflies {unknown}
 G - a scroll of silence {unknown}
 J - 5 scrolls of amnesia {unknown}
 K - a scroll of vulnerability {unknown}
 L - a scroll of immolation {unknown}
 P - 2 scrolls of noise {unknown}
 S - a scroll of fear {unknown}
 W - 2 scrolls of magic mapping {unknown}
 X - 2 scrolls of acquirement
Potions
 f - 4 potions of mutation {unknown}
 g - 5 potions of invisibility {unknown}
 h - 6 potions of heal wounds {unknown}
 k - 3 potions of cancellation {unknown}
 l - 3 potions of brilliance {unknown}
 n - 2 potions of haste
 t - 2 potions of might {unknown}
 w - 6 potions of curing
 B - a potion of resistance {unknown}
 C - 3 potions of lignification
 F - a potion of attraction
 M - a potion of ambrosia {unknown}
 Q - a potion of degeneration {unknown}
 T - 2 potions of experience {unknown}


   Skills:
 + Level 9.7 Fighting
 + Level 15.2 Axes
 + Level 4.7 Throwing
 + Level 10.2 Armour
 + Level 4.2 Dodging
 + Level 1.6 Stealth
 + Level 1.4 Evocations


You had 10 spell levels left.
You didn't know any spells.
Your spell library contained the following spells:

 Spells                   Type           Power      Damage    Failure   Level
 Gell's Gravitas          Tloc           0%         N/A       100%        3
 Ozocubu's Armour         Ice            0%         N/A       100%        3
 Portal Projectile        Hex/Tloc       0%         N/A       100%        3
 Teleport Other           Tloc           0%         N/A       100%        3
 Tukima's Dance           Hex            0%         N/A       100%        3
 Leda's Liquefaction      Hex/Erth       0%         N/A       100%        4
 Alistair's Intoxication  Tmut/Pois      0%         N/A       100%        5
 Blade Hands              Tmut           0%         N/A       100%        5
 Metabolic Englaciation   Hex/Ice        0%         N/A       100%        5
 Dispersal                Tloc           0%         N/A       100%        6
 Simulacrum               Ice/Necr       0%         N/A       100%        6


Dungeon Overview and Level Annotations

Branches:
Dungeon (11/15)            Temple (1/1) D:6           Sewer (visited)
Ossuary (visited)          Bailey (visited)
   Lair: D:8-11         Orc: D:9-12

Altars:
Ashenzari
Cheibriados
Dithmenos
Elyvilon
Fedhas
Gozag
Hepliaklqana
Kikubaaqudgha
Makhleb
Nemelex Xobeh
Okawaru
Qazlal
Ru
Sif Muna
Trog
Uskayaw
Vehumet
Wu Jian
Xom
Yredelemnul
Zin
The Shining One

Shops:
D:5 !

Annotations:
D:9 2 transporters


Innate Abilities, Weirdness & Mutations

You have a pair of horns on your head.
You reflexively headbutt those who attack you in melee.


Message History

You slice the yak!! You freeze the yak. You slash the yak! You freeze the yak.
The yak barely misses you. You furiously retaliate!
You headbutt the yak! The yak gores you but does no damage.
Your Axes skill increases to level 15!
You hit the yak. You freeze the yak.
You kill the yak!
Trog accepts your kill.
You slash the yak! You freeze the yak.
You kill the yak!
Trog accepts your kill.
You hit the yak. You freeze the yak. The yak barely misses you.
You furiously retaliate!
You headbutt the yak! You barely miss the yak.
You headbutt the yak, but do no damage.
The yak is heavily wounded.
The yak misses you.
You slice the yak!! You freeze the yak!
You kill the yak!
Trog accepts your kill.
You climb upwards.
There is a stone staircase leading down here.
A komodo dragon comes into view.
You closely miss the komodo dragon. The komodo dragon bites you!!
You slash the komodo dragon! You freeze the komodo dragon.
The komodo dragon is moderately wounded.
The komodo dragon bites you but does no damage.
You hit the komodo dragon but do no damage.
The komodo dragon is moderately wounded.
The komodo dragon bites you!!
* * * LOW HITPOINT WARNING * * *
You hit the komodo dragon but do no damage.
The komodo dragon is moderately wounded.
The komodo dragon bites you!
* * * LOW HITPOINT WARNING * * *
You closely miss the komodo dragon.
The komodo dragon is moderately wounded.
You hit the komodo dragon.
The komodo dragon seems to slow down.
You freeze the komodo dragon.
The komodo dragon is moderately wounded.
The komodo dragon bites you!
You die...

#......'......#
..
#......#......#
+.....##..###'#
########..## ..
## ##.....##...#
P #.
#...........# #.
#......##..## ##
#.>....##..#. #.
#....@l...... #.
##.....##.....
#.
#.....##.....PP
#.
.......###{#..PP
#. .........#
..#.PP #.
#..######## #.
#.. #. #. #####.
#..<..


You could see a komodo dragon (slow).

Vanquished Creatures
  An orc warlord (Bailey)
  A two-headed ogre (D:9)
  A kobold demonologist (D:9)
  A hornet (D:10)
  Grinder (D:5)
  The ghost of Tiocfaidh the Caller, an amateur MeSu (D:5)
  A slime creature (D:6)
  A shadow (D:10)
  19 yaks
  Menkaure (D:6)
  Edmund (D:5)
  2 water moccasins
  10 orc warriors
  2 ogres
  2 black bears
  3 centaurs
  4 phantoms
  3 kobold brigands
  3 bullfrogs
  4 scorpions
  2 gnoll sergeants
  8 wights
  5 killer bees (D:9)
  3 howler monkeys
  5 jellies (D:6)
  A centaur zombie (Ossuary)
  A human zombie (Ossuary)
  6 hounds
  6 orc priests
  Jessica (D:2)
  4 iguanas
  3 orc wizards
  A hell rat (Sewer)
  2 mummies (Ossuary)
  Robin (D:3)
  11 gnolls
  11 adders
  A river rat (Sewer)
  2 shadow imps
  A white imp (D:7)
  6 ufetubi
  2 adder zombies (Ossuary)
  2 worms
  4 dart slugs (D:1)
  32 orcs
  10 ball pythons
  12 endoplasms
  5 giant cockroaches
  19 goblins
  21 hobgoblins
  14 kobolds
  5 quokkas
  7 bats
  6 frilled lizards
  2 goblin zombies (Ossuary)
  11 hobgoblin zombies (Ossuary)
  3 jackal zombies (Ossuary)
  7 kobold zombies (Ossuary)
  9 orc zombies (Ossuary)
  10 rats
  A rat zombie (Ossuary)
  A spectral orc (D:7)
326 creatures vanquished.

Vanquished Creatures (collateral kills)
  A gnoll (Bailey)
1 creature vanquished.

Vanquished Creatures (others)
  4 fungi (D:6)
  5 plants
  6 toadstools (D:6)
  2 withered plants (D:5)
17 creatures vanquished.

Grand Total: 344 creatures vanquished

Notes
Turn   | Place    | Note
-------+----------+-------------------------------------------
     0 | D:1      | snetch the Minotaur Berserker began the quest for the Orb.
     0 | D:1      | Reached XP level 1. HP: 19/19 MP: 0/0
    13 | D:1      | Found a faded altar of an unknown god.
   242 | D:2      | Noticed Jessica
   246 | D:2      | Reached skill level 4 in Axes
   246 | D:2      | Reached XP level 2. HP: 27/27 MP: 1/1
   264 | D:2      | Killed Jessica
   265 | D:2      | Reached XP level 3. HP: 17/34 MP: 2/2
   780 | D:1      | Reached skill level 5 in Axes
   832 | D:1      | Reached ** piety under Trog
   924 | D:1      | Reached XP level 4. HP: 31/41 MP: 3/3
  1515 | D:2      | Reached skill level 1 in Throwing
  1668 | D:3      | Found a glowing drain.
  1676 | D:3      | Reached XP level 5. HP: 46/47 MP: 4/4
  1696 | Sewer    | Entered a sewer
  1902 | D:2      | Got the Omnibus of Shaping and Clay
  2244 | D:3      | Noticed Robin
  2259 | D:3      | Killed Robin
  2375 | D:4      | Noticed a black bear
  2380 | D:4      | Killed a black bear
  2380 | D:4      | Reached *** piety under Trog
  2381 | D:4      | Reached skill level 5 in Fighting
  2381 | D:4      | Reached skill level 6 in Axes
  2381 | D:4      | Reached XP level 6. HP: 46/56 MP: 5/5
  2388 | D:4      | Reached skill level 1 in Evocations
  2443 | D:3      | Reached skill level 1 in Stealth
  2610 | D:4      | Reached XP level 7. HP: 51/61 MP: 6/6
  2811 | D:3      | Found a shimmering blue altar of Sif Muna.
  3194 | D:5      | Entered Level 5 of the Dungeon
  3215 | D:5      | Reached skill level 7 in Axes
  3579 | D:5      | Noticed Tiocfaidh's ghost (amateur MeSu)
  3579 | D:5      | Found a runed translucent door.
  3616 | D:5      | Reached skill level 5 in Armour
  3802 | D:5      | Found Firchonwu's Distillery.
  3810 | D:5      | Bought a potion of curing for 39 gold pieces
  3810 | D:5      | Bought a potion of lignification for 39 gold pieces
  3810 | D:5      | Bought a potion of attraction for 39 gold pieces
  3891 | D:4      | Reached XP level 8. HP: 55/70 MP: 7/7
  4472 | D:6      | Reached skill level 8 in Axes
  4475 | D:6      | Reached **** piety under Trog
  4519 | D:6      | Found a white marble altar of Elyvilon.
  4934 | D:5      | Noticed Edmund
  4952 | D:5      | Killed Edmund
  5449 | D:5      | Noticed Grinder
  5450 | D:5      | Paralysed by Grinder for 4 turns
  5459 | D:5      | Killed Grinder
  5460 | D:5      | Reached skill level 9 in Axes
  5571 | D:5      | Killed Tiocfaidh's ghost
  5572 | D:5      | Reached XP level 9. HP: 78/78 MP: 8/8
  5638 | D:5      | Bought a potion of curing for 39 gold pieces
  5638 | D:5      | Bought a potion of haste for 130 gold pieces
  5638 | D:5      | Bought a potion of curing for 39 gold pieces
  5704 | D:7      | Found a basalt altar of Yredelemnul.
  5814 | D:7      | Found a flagged portal.
  5819 | D:7      | Found a sand-covered staircase.
  5825 | Ossuary  | Entered an ossuary
  5964 | Ossuary  | Reached skill level 10 in Axes
  6055 | Bailey   | Entered a bailey
  6496 | Bailey   | Reached ***** piety under Trog
  6504 | Bailey   | HP: 2/118 [orc warrior/+0 war axe (8)]
  6874 | Bailey   | Noticed an orc warlord
  6896 | Bailey   | Reached skill level 11 in Axes
  6897 | Bailey   | Killed an orc warlord
  6898 | Bailey   | Reached XP level 10. HP: 44/88 MP: 9/9
  7160 | D:7      | Reached skill level 12 in Axes
  7197 | D:6      | Noticed Menkaure
  7197 | D:6      | Found a staircase to the Ecumenical Temple.
  7205 | D:6      | Killed Menkaure
  7518 | D:6      | Found a shimmering altar of Xom.
  7526 | D:6      | Found a shimmering altar of Xom.
  7526 | D:6      | Found a shimmering altar of Xom.
  7526 | D:6      | Found a shimmering altar of Xom.
  7528 | D:6      | Found a shimmering altar of Xom.
  7531 | D:6      | Found a shimmering altar of Xom.
  7531 | D:6      | Found a shimmering altar of Xom.
  7576 | Temple   | Entered the Ecumenical Temple
  8271 | D:6      | Found a sacrificial altar of Ru.
  9084 | D:7      | Found an iron altar of Okawaru.
  9270 | D:8      | Found a glowing golden altar of the Shining One.
  9360 | D:8      | Found a shadowy altar of Dithmenos.
  9366 | D:8      | Reached skill level 13 in Axes
 10126 | D:9      | Received a gift from Trog
 10352 | D:9      | Found a transporter.
 10356 | D:9      | Noticed a centaur warrior
 10362 | D:9      | Noticed a boulder beetle
 10376 | D:9      | Found a transporter.
 10377 | D:9      | Noticed a six-headed hydra
 10394 | D:9      | Reached skill level 14 in Axes
 10400 | D:9      | Reached XP level 11. HP: 86/97 MP: 10/10
 10543 | D:9      | Noticed a two-headed ogre
 10550 | D:9      | Killed a two-headed ogre
 10807 | D:9      | Found an ornate altar of the Wu Jian Council.
 10893 | D:10     | Entered Level 10 of the Dungeon
 10957 | D:9      | Reached skill level 10 in Armour
 11780 | D:11     | Reached skill level 15 in Axes
 11794 | D:10     | Mangled by a komodo dragon

Illustrated notes

Levels and vault maps discovered:
D:1:      dpeg_arrival_rooms_with_view, layout_loops_ring,
          basic_ecumenical_altar
D:2:      layout_rooms, uniq_jessica
D:3:      layout_loops_ring, lemuel_tele_altar, portal_sewer_entry_a, uniq_robin
D:4:      layout_loops_ring, minmay_fractal_squares_diagonal_5
D:5:      layout_cave_pods, serial_shops, nicolae_stop_n_shop_2,
          gammafunk_ghost_grave, nicolae_concentric_dashed_squares_wild,
          minivault_19, minmay_checkerbox, uniq_edmund, uniq_grinder
D:6:      cheibrodos_fertilizer, layout_basic, mainiacjoe_overflow_brackets,
          elyvilon_altar_5, nicolae_xom_altar_mimics,
          minmay_temple_entry_statues_fountains, uniq_menkaure
D:7:      layout_rooms, mainiacjoe_overflow_alcove_4,
          yredelemnul_forgotten_temple_becter, enter_bailey_2, enter_ossuary_1,
          minmay_misc_feat_chi
D:8:      layout_basic, tso_oasis_becter, nicolae_dithmenos_shadow_blocks
D:9:      gammafunk_the_bubble [the_bubble_gammafunk_grid],
          layout_irregular_city, pdpol_wu_jian_five_deadly_venoms
D:10:     layout_gridville, david_lair_shrubbed
D:11:     layout_gridville, zombieorc1_lemuel, gammafunk_ghost_spectres,
          nicolae_shop_i_like_big_books
Temple:   nicolae_temple_bog_church

Skill      XL: |  1  2  3  4  5  6  7  8  9 10 11 |
---------------+----------------------------------+-----
Fighting       | 4 5 6 8 9 |  9.7
Axes           | 4 5 6 7 9 11 14 15 | 15.2
Throwing       | 1 2 4 |  4.7
Armour         | 3 4 5 7 8 9 10 | 10.2
Dodging        | 3 4 |  4.2
Evocations     | 1 |  1.4
Stealth        | 1 |  1.6

Action                   |  1- 3 |  4- 6 |  7- 9 | 10-12 || total
-------------------------+-------+-------+-------+-------++-------
Melee: Hand axe          |    44 |   105 |   142 |     5 ||   296
       Headbutt          |     7 |    20 |    63 |    33 ||   123
       Punch             |       |       |     8 |       ||     8
       War axe           |       |       |   166 |     7 ||   173
       Battleaxe         |       |       |       |   143 ||   143
Throw: Boomerang         |    11 |     3 |     6 |       ||    20
       Stone             |     7 |    12 |     3 |       ||    22
       Dart              |       |     2 |    29 |    18 ||    49
Invok: Berserk           |       |     3 |     7 |       ||    10
       Trog's Hand       |       |     1 |     5 |     1 ||     7
       Brothers in Arms  |       |       |     1 |       ||     1
Evoke: Wand              |       |    11 |       |       ||    11
Armor: Animal skin       |     6 |     4 |       |       ||    10
       Ring mail         |       |    22 |     2 |       ||    24
       Chain mail        |       |       |   137 |       ||   137
       Scale mail        |       |       |     1 |       ||     1
       Plate armour      |       |       |       |    81 ||    81
Dodge: Dodged            |    22 |    68 |   167 |    80 ||   337
